 Dungeon Crawl Stone Soup version 0.31-a0-221-gbddc013574 (webtiles) character file.

Game seed: 3835771887373816792

1797 avis the Caller (level 8, -9/34 HPs)
             Began as a Felid Summoner on July 4, 2023.
             Was an Initiate of Gozag.
             Killed by an exploding themself (43 damage)
             ... ignited by their inner flame
             ... on level 7 of the Dungeon on July 5, 2023.
             The game lasted 01:00:47 (8569 turns).

avis the Caller (Felid Summoner)                    Turns: 8569, Time: 01:00:47

Health: -9/34      AC:  6    Str:  4    XL:     8   Next: 83%
Magic:  15/18      EV: 20    Int: 18    God:    Gozag
Gold:   1099       SH:  0    Dex: 17    Spells: 7/20 levels left
                                        Lives:  0   Deaths: 2

rFire   . . .        (weapon unavailable)
rCold   . . .        (shield unavailable)
rNeg    . . .        (body armour unavailable)
rPois   .            (helmet unavailable)
rElec   .            (cloak unavailable)
rCorr   .            (gloves unavailable)
SInv    +            (boots unavailable)
Will    +....        t - amulet of regeneration
Stlth   ++           s - +4 ring of protection
HPRegen 1.05/turn    (no ring)
MPRegen 0.16/turn

%: no passive effects
@: gold aura, quick
A: very small, claws 1, fangs 3, see invisible, speed 1, shaggy fur 2, stealthy
paws, no weapons or thrown items, no armour, multi-lived
a: Renounce Religion, Potion Petition, Call Merchant, Bribe Branch


You were on level 7 of the Dungeon.
You worshipped Gozag.
Gozag was most pleased with you.
You visited 2 branches of the dungeon, and saw 8 of its levels.
You also visited: Sewer.

You collected 1163 gold pieces.
You paid 64 gold pieces to Gozag.

Inventory:

Jewellery
 p - an amulet of faith
 q - an amulet of the acrobat
 s - a +4 ring of protection (left paw)
 t - an amulet of regeneration (around neck)
 y - an amulet of guardian spirit
Wands
 h - a wand of roots (5)
Scrolls
 b - a scroll of noise {unknown}
 d - a scroll of poison
 e - 9 scrolls of teleportation
 g - 2 scrolls of immolation {unknown}
 i - a scroll of torment {unknown}
 j - 2 scrolls of amnesia {unknown}
 r - a scroll of enchant weapon {unknown}
 w - 4 scrolls of identify {unknown}
 A - a scroll of acquirement {unknown}
 B - a scroll of enchant armour {unknown}
Potions
 a - a potion of magic
 c - a potion of cancellation {unknown}
 f - 3 potions of lignification {unknown}
 k - 4 potions of enlightenment {unknown}
 l - a potion of mutation {unknown}
 m - 3 potions of heal wounds {unknown}
 n - 3 potions of invisibility {unknown}
 o - a potion of haste {unknown}
 u - 4 potions of curing {unknown}
 v - a potion of degeneration {unknown}
 x - 2 potions of berserk rage
 z - 2 potions of might {unknown}


   Skills:
 + Level 3.4 Fighting
 + Level 5.5 Dodging
 - Level 2.6 Stealth
 + Level 6.5 Spellcasting
 - Level 5.0 Hexes
 + Level 7.0 Summonings
 * Level 6.1 Air Magic


You had 7 spell levels left.
You knew the following spells:

 Your Spells              Type           Power      Damage    Failure   Level
a - Summon Small Mammal   Summ           100%       N/A       1%          1
c - Call Imp              Summ           62%        N/A       1%          2
d - Call Canine Familiar  Summ           31%        N/A       1%          3
g - Summon Guardian Gole  Hex/Summ       27%        N/A       3%          3
l - Summon Lightning Spi  Summ/Air       29%        N/A       8%          4

Your spell library contained the following spells:

 Spells                   Type           Power      Damage    Failure   Level
 Cigotuvi's Dreadful Rot  Necr/Pois/Air  26%        N/A       8%          2
 Dispel Undead            Necr           5%         3d7       75%         4
 Death Channel            Necr           2%         N/A       100%        6


Dungeon Overview and Level Annotations

Branches:
Dungeon (7/15)             Temple (1/1) D:5           Sewer (visited)

Altars:
Cheibriados
Dithmenos
Elyvilon
Gozag
Hepliaklqana
Kikubaaqudgha
Makhleb
Nemelex Xobeh
Okawaru
Qazlal
Ru
Sif Muna
Trog
Uskayaw
Vehumet
Wu Jian
Xom
Zin
The Shining One

Annotations:
D:5 2 transporters, experimilk's ghost, novice DrVM


Innate Abilities, Weirdness & Mutations

You have sharp claws.
You have razor-sharp teeth.
You have supernaturally acute eyesight. (SInv)
You cover ground quickly. (Speed+)
You are covered in thick fur. (AC +2)
Your paws help you pounce on unaware monsters.
You are incapable of wielding weapons or throwing items.
You cannot wear armour.
You gain extra lives every three experience levels.


Message History

The puff of frost hits your guardian golem.
Your guardian golem resists.
Your guardian golem overheats!
The white imp gestures at you.
The puff of frost hits your guardian golem.
Your guardian golem resists.
Flame seeps out of your guardian golem.
You hear a sizzling sound!
The white imp hits your guardian golem but does no damage.
The white imp hits your guardian golem but does no damage.
The white imp laughs crazily.
The white imp hits your guardian golem. Flame seeps out of your guardian golem.
The white imp freezes your guardian golem.
Your guardian golem resists.
Flame seeps out of your guardian golem.
Your guardian golem is engulfed in blazing flames.
Flame seeps out of your guardian golem. The white imp gestures at you.
The puff of frost hits your guardian golem but does no damage.
You hear a sizzling sound!
The white imp gestures at you.
The puff of frost hits your guardian golem but does no damage.
What are your orders? t - Meow!
Orders for allies: a - Attack new target. r - Retreat! s - Stop attacking. g - Guard the area. f - Follow me.
Anything else - Cancel.
Gang up on whom?
Press: ? - help, Dir - move target, f - bullfrog
Aim: a bullfrog Attack!
The bullfrog hits your guardian golem!
Your guardian golem disappears in a puff of smoke!
Your guardian golem explodes!
The fiery explosion engulfs the bullfrog!!!
The bullfrog dies!
The fiery explosion engulfs you!!!
Ouch! That really hurt!
You die...
Your body crumbles into a pile of gold.

######.## #.......#
#.####..# ##
###.####..######
..................#
..##..##.....###..
#....#....####
..##...#...##..##
..F#...#.@.#....#
.#...#§§.#.#..##
.#..#§#§.#.##..#
#F5#..#.#..#..#..#
####..#5#..####..#
#..##Y##..##..## ######
....#...#...)[.#
.....##....##...##....##
####..##.. #.... ##..##


You could see a bullfrog.

Vanquished Creatures
  2 gnolls
  A goblin (D:2)
3 creatures vanquished.

Vanquished Creatures (collateral kills)
  A sky beast (D:7)
  A phantom (D:4)
  2 scorpions
  3 howler monkeys
  2 jellies
  2 hounds
  2 iguanas
  2 orc wizards (D:4)
  4 gnolls
  13 adders
  2 white imps (D:5)
  An ufetubus (D:4)
  A worm (D:4)
  A dart slug (D:1)
  13 orcs
  8 ball pythons
  10 endoplasms
  A giant cockroach (D:3)
  9 goblins
  8 hobgoblins
  5 quokkas
  8 bats
  4 frilled lizards
  7 kobolds
  8 rats
118 creatures vanquished.

Vanquished Creatures (others)
  A hornet (D:6)
  A steam dragon (D:7)
  A water moccasin (D:5)
  Pargi (Sewer)
  An ice beast (D:6)
  An ogre (D:5)
  A centaur (D:7)
  4 bullfrogs (D:7)
  4 scorpions
  5 wights (D:6)
  4 killer bees (D:7)
  A hound (D:7)
  A jelly (D:7)
  Crazy Yiuf (D:4)
  6 gnolls
33 creatures vanquished.

Grand Total: 154 creatures vanquished

Notes
Turn   | Place    | Note
-------+----------+-------------------------------------------
     0 | D:1      | avis the Felid Summoner began the quest for the Orb.
     0 | D:1      | Reached XP level 1. HP: 7/7 MP: 4/4
   660 | D:1      | Reached XP level 2. HP: 11/11 MP: 4/6
   759 | D:1      | Learned a level 2 spell: Call Imp
  1541 | D:2      | Reached XP level 3. HP: 14/14 MP: 6/8
  1572 | D:1      | Learned a level 3 spell: Call Canine Familiar
  1778 | D:2      | Reached XP level 4. HP: 18/18 MP: 1/10
  2737 | D:3      | Found an opulent altar of Gozag.
  2737 | D:3      | Found a glowing silver altar of Zin.
  2752 | D:3      | Became a worshipper of Gozag Ym Sagoz the Greedy
  2832 | D:3      | Reached XP level 5. HP: 21/21 MP: 6/12
  3158 | D:3      | Found a faded altar of an unknown god.
  3388 | D:3      | Learned a level 3 spell: Summon Guardian Golem
  3671 | D:4      | Killed from afar by an orc priest
  3672 | D:4      | Reached XP level 4. HP: -6/18 MP: 6/11
  3704 | D:4      | Reached skill level 5 in Summonings
  3717 | D:4      | Reached skill level 1 in Hexes
  3839 | D:4      | Noticed a phantom
  3856 | D:4      | Killed a phantom
  3857 | D:4      | Reached XP level 5. HP: 21/21 MP: 4/13
  3931 | D:4      | Learned a level 4 spell: Summon Lightning Spire
  4330 | D:4      | Reached skill level 1 in Air Magic
  4330 | D:4      | Gained mutation: You are covered in thick fur. (AC +2)
                  | [Felid growth]
  4330 | D:4      | Reached XP level 6. HP: 24/24 MP: 3/14
  4615 | D:4      | Reached skill level 5 in Spellcasting
  4843 | D:4      | Found a runed translucent door.
  4844 | D:4      | Noticed Crazy Yiuf
  4861 | D:4      | Killed Crazy Yiuf
  5012 | D:5      | Entered Level 5 of the Dungeon
  5117 | D:5      | Noticed a water moccasin
  5304 | D:5      | Killed a water moccasin
  5305 | D:5      | Reached XP level 7. HP: 27/27 MP: 11/16
  5577 | D:5      | Found a transporter.
  5620 | D:5      | Found a transporter.
  5638 | D:5      | Noticed experimilk's ghost (novice DrVM)
  5764 | D:5      | Found a staircase to the Ecumenical Temple.
  5773 | Temple   | Entered the Ecumenical Temple
  6291 | D:6      | Reached skill level 6 in Summonings
  6333 | D:6      | Found a glowing drain.
  6343 | Sewer    | Entered a sewer
  6421 | Sewer    | Noticed Pargi
  6444 | Sewer    | Killed Pargi
  6445 | Sewer    | Reached XP level 8. HP: 31/31 MP: 9/17
  6519 | Sewer    | Identified the +2 helmet of Starshine {Rampage rF- Int+2}
  6604 | D:6      | Noticed a hornet
  6616 | D:6      | Killed a hornet
  6617 | D:6      | Reached skill level 1 in Fighting
  6617 | D:6      | Reached skill level 5 in Hexes
  6833 | D:6      | Reached skill level 5 in Air Magic
  7459 | D:7      | Killed from afar by a steam dragon
  7460 | D:7      | Reached XP level 7. HP: -11/30 MP: 11/17
  7460 | D:7      | Killed a steam dragon
  7461 | D:7      | Reached XP level 8. HP: 34/34 MP: 18/18
  7847 | D:7      | Reached skill level 5 in Dodging
  8484 | D:7      | Reached skill level 7 in Summonings
  8569 | D:7      | Killed by an exploding themself... ignited by their inner
                  | flame

Illustrated notes

Levels and vault maps discovered:
D:1:      dpeg_arrival_rooms_with_view, layout_basic, grunt_decor_arrowhead
D:2:      layout_rooms, chequers_serial_rivers_micro_b, nrook_loot_triangle
D:3:      layout_loops_ring, grunt_temple_overflow_gold_and_silver,
          nicolae_ecumenical_lake_church, chequers_serial_rivers_marsh,
          minmay_quadrilaterals
D:4:      layout_loops_cross, uniq_crazy_yiuf_cottage
D:5:      layout_cave_pools, minmay_temple_entry_antechambers,
          gammafunk_ghost_stat_death
D:6:      layout_rooms, portal_sewer_entry_d
D:7:      layout_loops_corners, minmay_puff
Temple:   minmay_crystal_spiral_temple

Skill      XL: |  1  2  3  4  5  6  7  8 |
---------------+-------------------------+-----
Spellcasting   | 3 4 5 6 |  6.5
Summonings     | 5 6 7 |  7.0
Hexes          | 2 3 4 5 |  5.0
Air Magic      | 1 2 3 6 |  6.1
Fighting       | 3 |  3.4
Dodging        | 5 |  5.5
Stealth        | |  2.6

Action                     |  1- 3 |  4- 6 |  7- 9 || total
---------------------------+-------+-------+-------++-------
  Melee: Unarmed           |     8 |     6 |     3 ||    17
         Bite              |       |     1 |       ||     1
   Cast: Summon Small Mamm |    55 |    16 |     4 ||    75
         Call Imp          |    14 |    18 |     6 ||    38
         Call Canine Famil |     2 |    37 |    16 ||    55
         Summon Guardian G |       |     8 |    36 ||    44
         Summon Lightning  |       |       |     6 ||     6
    Use: Scroll            |       |       |     2 ||     2
   Stab: Sleeping          |     1 |     1 |       ||     2
         Distracted        |     1 |       |       ||     1
 Armour: Skin              |     2 |     2 |     3 ||     7
  Dodge: Dodged            |    25 |    14 |    18 ||    57

Table legend: (Time is in decaauts)
 A = Elapsed time spent in this place.
 B = Non-inter-level travel time spent in this place.
 C = Inter-level travel time spent in this place.
 D = Time resting spent in this place.
 E = Time spent auto-exploring this place.
 F = Levels seen in this place.
 G = Mean time per level.
                   A        B        C        D        E       F      G
               +--------+--------+--------+--------+--------+-----+--------+
         Total |   7555 |   7049 |    506 |   1251 |   2974 |   9 |  839.4 |
       Dungeon |   7065 |   6653 |    412 |   1101 |   2838 |   7 | 1009.3 |
        Temple |    305 |    211 |     94 |    100 |     89 |   1 |  305.0 |
         Sewer |    185 |    185 |      0 |     50 |     46 |   1 |  185.0 |
               +--------+--------+--------+--------+--------+-----+--------+

Top non-repeatable levels by time:
     D:1: 1430 daAuts
     D:4: 1381 daAuts
     D:7: 1068 daAuts
     D:3: 1028 daAuts
     D:6: 767 daAuts
     D:5: 721 daAuts
     D:2: 667 daAuts
  Temple: 305 daAuts
   Sewer: 185 daAuts
